 Dungeon Sprint DCSS version 0.31-a0-557-g6e16503903 (webtiles) character file.

Game seed: 10437591516871724437

431 Midn8 the Unseen (level 6, -2/52 HPs)
             Began as a Naga Brigand on Aug 17, 2023.
             Was a Follower of Dithmenos.
             Slain by a killer bee (3 damage)
             ... in the Dungeon (Sprint IV: "Fedhas' Mad Dash").
             The game lasted 00:02:21 (427 turns).

Midn8 the Unseen (Naga Brigand)                      Turns: 427, Time: 00:02:22

Health: -2/52      AC:  4    Str: 13    XL:     6   Next: 99%
Magic:  6/6        EV:  9    Int: 12    God:    Dithmenos [*.....]
Gold:   68         SH:  0    Dex: 14    Spells: 5/5 levels left

rFire   . . .        a - +2 dagger
rCold   . . .        (no shield)
rNeg    . . .        b - +0 robe
rPois   +            (no helmet)
rElec   .            c - +0 cloak
rCorr   .            (no gloves)
SInv    +            (no barding)
Will    .....        m - amulet of invisibility {+Inv}
Stlth   +++++++      (no ring)
HPRegen 0.28/turn    (no ring)
MPRegen 0.10/turn

%: no teleportation
@: very slightly contaminated, wreathed by umbra, invisible, very slow
A: AC +2, large, see invisible, deformed body, poison resistance, slowness 2,
spit poison 1, naga tail 1
a: Spit Poison, Renounce Religion, Evoke Invisibility


You were in the Dungeon.
You worshipped Dithmenos.
Dithmenos was aware of your devotion.
You visited 1 branch You collected 68 gold pieces.

Inventory:

Hand Weapons
 a - a +2 dagger (weapon)
Missiles
 d - 9 poisoned darts (quivered)
 e - 3 curare-tipped darts
Armour
 b - a +0 robe (worn)
 c - a +0 cloak (worn)
Jewellery
 m - the amulet of invisibility (around neck) {+Inv}
   (You found it in the Dungeon)

   [amulet of nothing]

   +Inv:      It lets you turn invisible.
Scrolls
 k - a scroll of blinking
Potions
 f - a potion of curing
 g - a potion of heal wounds
 h - a potion of haste
 i - 2 potions of magic
 j - a potion of berserk rage
 l - a potion of brilliance {unknown}


   Skills:
 - Level 2.0 Fighting
 - Level 8.0 Short Blades
 - Level 1.7 Throwing
 - Level 0.7 Dodging
 + Level 16.8 Stealth
 - Level 6.0 Evocations


You had 5 spell levels left.
You didn't know any spells.
Your spell library was empty.

Dungeon Overview and Level Annotations

Branches:
Dungeon (1/1)

Altars:
Cheibriados
Dithmenos
Elyvilon
Gozag
Hepliaklqana
Kikubaaqudgha
Makhleb
Nemelex Xobeh
Okawaru
Qazlal
Ru
Sif Muna
Trog
Uskayaw
Vehumet
Wu Jian
Xom
Yredelemnul
Zin
The Shining One
Jiyva
Lugonu


Innate Abilities, Weirdness & Mutations

Your serpentine skin is tough. (AC +2)
You have supernaturally acute eyesight. (SInv)
Armour fits poorly on your strangely shaped body.
Your system is resistant to poisons. (rPois)
You cover ground very slowly.
You can spit poison.
You have a snake-like lower body.


Message History

The killer bee barely misses you. x2
You hit the killer bee but do no damage.
The killer bee is moderately wounded.
The killer bee stings you.
The killer bee stings you but does no damage.
The killer bee stings you. The killer bee closely misses you.
You hit the killer bee.
The killer bee is lightly wounded.
The killer bee closely misses you. x2; The killer bee barely misses you.
The killer bee closely misses you.
You catch the helpless killer bee completely off-guard!
You stick the killer bee like a pincushion!!!
You kill the killer bee!
Dithmenos accepts your kill.
You are shrouded in an aura of darkness!
The killer bee closely misses you. The killer bee stings you. x2
Unknown command.
You hit the killer bee.
The killer bee is moderately wounded.
The killer bee barely misses you. The killer bee stings you. x2
You hit the killer bee.
The killer bee is heavily wounded.
The killer bee barely misses you. x2; The killer bee stings you!
* * * LOW HITPOINT WARNING * * *
Unknown command.
You hit the killer bee.
The killer bee is severely wounded.
The killer bee barely misses you. The killer bee stings you.
* * * LOW HITPOINT WARNING * * *
The killer bee stings you.
* * * LOW HITPOINT WARNING * * *
The killer bee stings you.
* * * LOW HITPOINT WARNING * * *
The killer bee barely misses you. The killer bee stings you!
* * * LOW HITPOINT WARNING * * *
Unknown command.
You hit the killer bee.
The killer bee is severely wounded.
The killer bee stings you.
You die...

####################
#<..P#.....#.....#.⌠
#PP..÷.....'.#)..'..
#PPPP#.....#.#...#..
###############'##..
#.y†♣........'...#._
#.y@...♣.....#...###
#.y...♣..♣..######
##+####+#####


You could see 3 killer bees.

Vanquished Creatures
  A queen bee (D)
  A scorpion (D)
  A killer bee (D)
  3 oklob saplings (D)
  A river rat (D)
  A rat (D)
8 creatures vanquished.

Notes
Turn   | Place    | Note
-------+----------+-------------------------------------------
     0 | D        | Midn8 the Naga Brigand began the quest for the Orb.
     0 | D        | Reached XP level 1. HP: 19/19 MP: 1/1
    13 | D        | Reached skill level 8 in Stealth
    13 | D        | Reached XP level 2. HP: 26/26 MP: 2/2
    22 | D        | Noticed an oklob sapling
   302 | D        | Killed an oklob sapling
   303 | D        | Reached skill level 9 in Stealth
   303 | D        | Reached skill level 10 in Stealth
   303 | D        | Reached XP level 3. HP: 32/32 MP: 3/3
   304 | D        | Noticed a scorpion
   304 | D        | Found the amulet of invisibility {+Inv}
   306 | D        | Killed a scorpion
   307 | D        | Reached skill level 12 in Stealth
   307 | D        | Reached XP level 4. HP: 39/39 MP: 4/4
   328 | D        | Found an opulent altar of Gozag.
   328 | D        | Found a hazy altar of Hepliaklqana.
   328 | D        | Found a burning altar of Makhleb.
   328 | D        | Found a sparkling altar of Nemelex Xobeh.
   328 | D        | Found a snail-covered altar of Cheibriados.
   328 | D        | Found a sacrificial altar of Ru.
   328 | D        | Found a shimmering blue altar of Sif Muna.
   328 | D        | Found a shimmering altar of Xom.
   328 | D        | Found a basalt altar of Yredelemnul.
   329 | D        | Found a viscous altar of Jiyva.
   329 | D        | Found a bloodstained altar of Trog.
   329 | D        | Found an ornate altar of the Wu Jian Council.
   329 | D        | Noticed an oklob sapling priest
   330 | D        | Found an iron altar of Okawaru.
   330 | D        | Found a glowing silver altar of Zin.
   330 | D        | Found a shadowy altar of Dithmenos.
   331 | D        | Found a hide-covered altar of Uskayaw.
   331 | D        | Found an ancient bone altar of Kikubaaqudgha.
   332 | D        | Found a stormy altar of Qazlal.
   332 | D        | Found a glowing golden altar of the Shining One.
   332 | D        | Found a white marble altar of Elyvilon.
   333 | D        | Found a radiant altar of Vehumet.
   333 | D        | Found a corrupted altar of Lugonu.
   336 | D        | Killed an oklob sapling priest
   337 | D        | Reached XP level 5. HP: 45/45 MP: 5/5
   339 | D        | Became a worshipper of Dithmenos the Shadowed
   360 | D        | Reached skill level 13 in Stealth
   410 | D        | Noticed a queen bee
   415 | D        | Killed a queen bee
   416 | D        | Reached skill level 15 in Stealth
   416 | D        | Reached skill level 16 in Stealth
   416 | D        | Reached XP level 6. HP: 52/52 MP: 6/6
   423 | D        | Reached * piety under Dithmenos
   426 | D        | HP: 1/52 [killer bee (7)]
   427 | D        | Slain by a killer bee

Illustrated notes

Levels and vault maps discovered:
D:        dungeon_sprint_fedhas [sprint_temple]

Skill      XL: |  1  2  3  4  5 |
---------------+----------------+-----
Stealth        | 8 10 12 16 | 16.8
Short Blades   | 4 8 |  8.0
Evocations     | 4 6 |  6.0
Fighting       | |  2.0
Throwing       | |  1.7
Dodging        | |  0.7

Action                     |  1- 3 |  4- 6 || total
---------------------------+-------+-------++-------
  Melee: Dagger            |    11 |    15 ||    26
Ability: Spit Poison       |     2 |       ||     2
         Evoke Invisibilit |       |     3 ||     3
   Stab: Sleeping          |     1 |     3 ||     4
         Invisible         |       |     1 ||     1
 Armour: Robe              |       |     3 ||     3
  Dodge: Dodged            |     5 |    21 ||    26

Table legend: (Time is in decaauts)
 A = Elapsed time spent in this place.
 B = Non-inter-level travel time spent in this place.
 C = Inter-level travel time spent in this place.
 D = Time resting spent in this place.
 E = Time spent auto-exploring this place.
 F = Levels seen in this place.
 G = Mean time per level.
                   A        B        C        D        E       F      G
               +--------+--------+--------+--------+--------+-----+--------+
         Total |    446 |    446 |      0 |    310 |      0 |   1 |  446.0 |
       Dungeon |    446 |    446 |      0 |    310 |      0 |   1 |  446.0 |
               +--------+--------+--------+--------+--------+-----+--------+

Top non-repeatable levels by time:
       D: 446 daAuts
